 Dungeon Crawl Stone Soup version 0.27.1 (webtiles) character file.

Game seed: 8537900852983208864

144 nxtlvl the Poker (level 5, -4/38 HPs)
             Began as a Human Gladiator on Aug 24, 2021.
             Slain by a hornet zombie (5 damage)
             ... on level 5 of the Dungeon.
             The game lasted 00:07:50 (927 turns).

nxtlvl the Poker (Human Gladiator)                   Turns: 927, Time: 00:07:50

Health: -4/38      AC:  8    Str: 14    XL:     5   Next: 52%
Magic:  5/5        EV: 11    Int: 10    God:
Gold:   70         SH:  0    Dex: 14    Spells: 4/4 levels left

rFire    . . .     SeeInvis .   a - +0 trident
rCold    . . .     Faith    .   (no shield)
rNeg     . . .     Spirit   .   c - +0 ring mail
rPois    .         Reflect  .   d - +1 helmet
rElec    .         Harm     .   (no cloak)
rCorr    .         Rampage  .   (no gloves)
Will     .....                  e - +0 pair of boots
Stlth    +.........             (no amulet)
HPRegen  0.12/turn              (no ring)
MPRegen  0.09/turn              (no ring)

@: no status effects
A: no striking features
a: no special abilities


You were on level 5 of the Dungeon.
You visited 1 branch of the dungeon, and saw 5 of its levels.

You collected 70 gold pieces.

Inventory:

Hand Weapons
 a - a +0 trident (weapon)
 g - a +0 hunting sling
 n - the +1 whip of Bankruptcy {flame, rF- rCorr Int+2}
   (You found it on level 4 of the Dungeon)

   It burns those it strikes, dealing additional fire damage.
   Int:       It affects your intelligence (+2).
   rF:        It makes you vulnerable to fire.
   rCorr:     It protects you from acid and corrosion.
Missiles
 k - 19 bolts
Armour
 c - a +0 ring mail (worn)
 d - a +1 helmet (worn)
 e - a +0 pair of boots (worn)
Jewellery
 o - an amulet of faith
 p - a ring of ice
Scrolls
 h - a scroll of magic mapping {unknown}
 i - a scroll of amnesia {unknown}
 l - a scroll of fog {unknown}
 m - a scroll of holy word {unknown}
Potions
 b - a potion of degeneration {unknown}
 f - a potion of haste {unknown}
 q - a potion of mutation {unknown}


   Skills:
 - Level 2.0 Fighting
 * Level 5.8 Polearms
 - Level 2.0 Throwing
 - Level 3.0 Dodging


You had 4 spell levels left.
You didn't know any spells.
Your spell library was empty.

Dungeon Overview and Level Annotations

Branches:
Dungeon (5/15)
 Temple: D:4-7

Altars:
Dithmenos
Fedhas
Makhleb
Xom
Yredelemnul


Message History

Reach: a) +0 trident
Press: ? - help, Dir - move target, f/p - hornet zombie
Aim: a hornet zombie (lightly damaged, about 36% to evade your +0 trident)
You reach to attack!
You hit the hornet zombie but do no damage.
The hornet zombie is lightly damaged.
Unknown command.
You puncture the hornet zombie!
The hornet zombie is moderately damaged.
The hornet zombie barely misses you.
You closely miss the hornet zombie.
The hornet zombie is moderately damaged.
The hornet zombie barely misses you. The hornet zombie hits you.
You puncture the hornet zombie!
The hornet zombie is heavily damaged.
The hornet zombie hits you but does no damage.
You barely miss the hornet zombie.
The hornet zombie is heavily damaged.
The hornet zombie hits you!
You hit the hornet zombie.
The hornet zombie is heavily damaged.
The hornet zombie hits you.
* * * LOW HITPOINT WARNING * * *
The hornet zombie hits you but does no damage.
You barely miss the hornet zombie.
The hornet zombie is heavily damaged.
The hornet zombie hits you but does no damage.
You barely miss the hornet zombie.
The hornet zombie is heavily damaged.
The hornet zombie hits you.
* * * LOW HITPOINT WARNING * * *
You puncture the hornet zombie!
The hornet zombie is severely damaged.
The hornet zombie closely misses you.
You hit the hornet zombie.
The hornet zombie is severely damaged.
The hornet zombie hits you.
* * * LOW HITPOINT WARNING * * *
The hornet zombie hits you.
You die...

#.# ######.#
#.####......##
#<............
######.######. #.# #.
#.# #. .#.#### #.# #.
....(..### #.# #.
...(..Z@.# #.# #.
##.###.#.# #.# #.
#.#.# #.# #. #.#.# #.#
#. #.#.#######.######.
#.#................
..............########
.....########## #####


You could see a hornet zombie.

Vanquished Creatures
  A centaur skeleton (D:2)
  A hound (D:5)
  An iguana (D:4)
  An adder (D:4)
  An ufetubus (D:4)
  A worm (D:3)
  4 dart slugs
  2 orcs
  2 ball pythons
  2 bats
  3 endoplasms
  A giant cockroach (D:2)
  3 goblins
  4 hobgoblins
  2 jackals (D:4)
  2 kobolds
  3 quokkas
  A frilled lizard (D:1)
35 creatures vanquished.

Notes
Turn   | Place    | Note
-------+----------+-------------------------------------------
     0 | D:1      | nxtlvl the Human Gladiator began the quest for the Orb.
     0 | D:1      | Reached XP level 1. HP: 16/16 MP: 1/1
    44 | D:1      | Reached XP level 2. HP: 22/22 MP: 2/2
    86 | D:2      | Found a shimmering altar of Xom.
   138 | D:2      | Reached skill level 4 in Polearms
   138 | D:2      | Reached XP level 3. HP: 11/27 MP: 3/3
   289 | D:2      | Reached XP level 4. HP: 30/33 MP: 4/4
   406 | D:3      | Found a basalt altar of Yredelemnul.
   516 | D:4      | Found a faded altar of an unknown god.
   516 | D:4      | Found a shadowy altar of Dithmenos.
   531 | D:4      | Found a blossoming altar of Fedhas.
   533 | D:4      | Found a burning altar of Makhleb.
   535 | D:4      | Reached skill level 5 in Polearms
   535 | D:4      | Found a shimmering altar of Xom.
   674 | D:4      | Identified the +1 whip of Bankruptcy {flame, rF- rCorr
                  | Int+2}
   685 | D:5      | Entered Level 5 of the Dungeon
   713 | D:4      | Reached XP level 5. HP: 12/38 MP: 5/5
   927 | D:5      | HP: 1/38 [hornet zombie (3)]
   927 | D:5      | Slain by a hornet zombie

Illustrated notes

Levels and vault maps discovered:
D:1:      sevenhm_arrival_forest_fort_large_3, layout_loops_cross,
          serial_rivers, chequers_serial_rivers_micro_d,
          chequers_serial_rivers_large_a, chequers_serial_rivers_micro_c,
          chequers_serial_rivers_room_b, chequers_serial_rivers_micro_a,
          chequers_serial_rivers_small_a,
          shapermc_ecumenical_altar_starsandcircs, columned_hall_lemuel,
          minmay_distorted
D:2:      layout_basic, serial_shops, nicolae_shop_competitors_out_of_business,
          basic_altar, nrook_campfire
D:3:      layout_basic, overflow_temple_1_default, serial_corexii_hall,
          chequers_hall_statues_wall_a, chequers_hall_statues_y
D:4:      layout_cave_pools, chequers_temple_overflow_minitemple, serial_glass,
          glass_columns_c, glass_columns_a
D:5:      layout_loops_ring, mainiacjoe_overflow_surrounded_room,
          nrook_loot_triangle, serial_bayou_crossing

Skill      XL: |  1  2  3  4 |
---------------+-------------+-----
Polearms       | 4 5 |  5.8
Fighting       | |  2.0
Throwing       | |  2.0
Dodging        | |  3.0

Action                   |  1- 3 |  4- 6 || total
-------------------------+-------+-------++-------
Melee: Trident           |    43 |   104 ||   147
Throw: Throwing net      |       |     3 ||     3
 Stab: Held in net/web   |       |     4 ||     4
Armor: Leather armour    |     8 |    10 ||    18
       Ring mail         |       |    19 ||    19
Dodge: Dodged            |    20 |    58 ||    78
